 Dungeon Crawl Stone Soup version 0.21.1-1-g345015fe64 (webtiles) character file.

28 Ivernyr the Charmwright (level 3, 28/28 HPs)
             Began as a Demonspawn Skald on Apr 26, 2018.
             Quit the game on level 1 of the Dungeon.
             The game lasted 00:02:24 (906 turns).

Ivernyr the Charmwright (Demonspawn Skald)           Turns: 906, Time: 00:02:25

Health: 28/28      AC:  5    Str: 11    XL:     3   Next: 0%
Magic:  6/6        EV: 12    Int: 14    God:
Gold:   16         SH:  0    Dex: 13    Spells: 1/6 levels left

rFire    . . .     SeeInvis .   a - +0 falchion
rCold    . . .     Gourm    .   (no shield)
rNeg     . . .     Faith    .   b - +0 leather armour
rPois    .         Spirit   .   (no helmet)
rElec    .         Reflect  .   (no cloak)
rCorr    .         Harm     .   (no gloves)
MR       .....                  (no boots)
Stlth    ++........             g - amulet of regeneration
HPRegen  0.49/turn              (no ring)
MPRegen  0.10/turn              (no ring)

@: no status effects
A: thin metallic scales 1, nightstalker 1
a: no special abilities


You were on level 1 of the Dungeon.
You were not hungry.

You visited 1 branch of the dungeon, and saw 1 of its levels.

You collected 16 gold pieces.

Inventory:

Hand Weapons
 a - a +0 falchion (weapon)
Armour
 b - a +0 leather armour (worn)
Jewellery
 g - an amulet of regeneration (around neck)
Scrolls
 f - a scroll of enchant weapon {unknown}
 i - a scroll of identify {unknown}
Potions
 e - a potion of resistance {unknown}
 h - 3 potions of might {unknown}
Books
 c - a book of Battle

   Spells                             Type                      Level
   a - Infusion                       Charms                       1
   b - Shroud of Golubria             Charms/Translocation         2
   c - Song of Slaying                Charms                       2
   d - Spectral Weapon                Hexes/Charms                 3
   e - Regeneration                   Charms/Necromancy            3
Comestibles
 d - 4 rations


   Skills:
 + Level 2.3 Fighting
 + Level 2.1 Long Blades
 * Level 1.8 Armour
 - Level 1.7 Dodging
 - Level 2.0 Spellcasting
 + Level 2.9 Charms


You had one spell level left.
You knew the following spells:

 Your Spells              Type           Power        Failure   Level  Hunger
a - Shroud of Golubria    Chrm/Tloc      #.........   26%         2    ###....
b - Song of Slaying       Chrm           #.......     14%         2    ###....
c - Infusion              Chrm           #...         10%         1    ##.....


Dungeon Overview and Level Annotations

Branches:
Dungeon (1/15)

Altars:


Innate Abilities, Weirdness & Mutations

You are partially covered in thin metallic scales. (AC +2)
You are slightly more attuned to the shadows.


Message History

You feel agile.
Your demonic ancestry asserts itself...
You slip into the darkness of the dungeon.
The bat barely misses you.
You riposte.
You closely miss the bat.
The bat is moderately wounded.
The bat hits you.
You hit the bat but do no damage.
The bat is moderately wounded.
The bat closely misses you.
You closely miss the bat.
The bat is moderately wounded.
The bat closely misses you. The bat barely misses you.
You riposte.
You hit the bat but do no damage.
The bat is moderately wounded.
You closely miss the bat.
The bat is moderately wounded.
The bat hits you. The bat completely misses you.
You riposte.
You closely miss the bat.
The bat is moderately wounded.
Found a scroll labeled IMUROAVILODA.
Are you sure you want to abandon this character and quit the game? (Confirm with "yes".)

...#.# #.#.#.....#
.....#####.#.#.#...#
........##.#.#.....#
##>........#.#...#.####
.#......####.#........#
...#.#### #.#.#.....##
...#.# #.#.#.#)#.#
...#.#######.#.#.#.# #
...#.........#.#@#.#
...#...#######.#b#.#
...#...#######.#.#.#
.#.#...........#.#.#
...###.#########.#..
.................#
....##.#..######.?
....#............
###.#..#....[....


You could see a bat.

Vanquished Creatures
  A dart slug (D:1)
  2 leopard geckos (D:1)
  3 bats (D:1)
  2 giant cockroaches (D:1)
  5 goblins (D:1)
  4 hobgoblins (D:1)
  A kobold (D:1)
  3 rats (D:1)
21 creatures vanquished.

Notes
Turn   | Place    | Note
-------+----------+-------------------------------------------
     0 | D:1      | Ivernyr the Demonspawn Skald began the quest for the Orb.
     0 | D:1      | Reached XP level 1. HP: 16/16 MP: 3/3
    45 | D:1      | Reached skill level 1 in Armour
   568 | D:1      | Gained mutation: You are partially covered in thin metallic scales. (AC +2) [demonic ancestry]
   568 | D:1      | Reached XP level 2. HP: 20/22 MP: 5/5
   597 | D:1      | Learned a level 2 spell: Song of Slaying
   600 | D:1      | Learned a level 2 spell: Shroud of Golubria
   899 | D:1      | Gained mutation: You are slightly more attuned to the shadows. [demonic ancestry]
   899 | D:1      | Reached XP level 3. HP: 28/28 MP: 6/6
   906 | D:1      | Quit the game

Skill      XL: |  1  2 |
---------------+-------+-----
Armour         | 1 |  1.8
Long Blades    | 2 |  2.1
Fighting       | |  2.3
Dodging        | |  1.7
Spellcasting   | |  2.0
Charms         | |  2.9

Action                   || total
-------------------------++-------
Melee: Falchion          ||    81
 Cast: Infusion          ||     1
Armor: Leather armour    ||    31
Dodge: Dodged            ||    50
       Rpst.: Falchion   ||    15
